 Dungeon Crawl Stone Soup version 0.25-a0-1073-gf4359a17dd (webtiles) character file.

Game seed: 15281771373251702433, levelgen mode: deterministic

4778 Flugslaktarn the Cleaver (level 10, -3/91 HPs)
             Began as a Deep Dwarf Fighter on May 14, 2020.
             Was an Elder of Makhleb.
             Slain by a komodo dragon (23 damage)
             ... on level 10 of the Dungeon.
             The game lasted 00:03:54 (4646 turns).

Flugslaktarn the Cleaver (Deep Dwarf Fighter)       Turns: 4646, Time: 00:03:54

Health: -3/91      AC: 16    Str: 23    XL:     10   Next: 23%
Magic:  9/9        EV:  9    Int:  9    God:    Makhleb [****..]
Gold:   560        SH: 11    Dex: 12    Spells: 9/9 levels left

rFire    . . .     SeeInvis .   a - +0 war axe
rCold    + . .     Gourm    .   s - +0 kite shield
rNeg     . . .     Faith    .   u - +0 plate armour
rPois    .         Spirit   .   (no helmet)
rElec    .         Reflect  .   i - scarf {harm}
rCorr    .         Harm     .   (no gloves)
MR       +....                  h - +2 pair of boots
Stlth    ..........             (no amulet)
HPRegen  0.00/turn              c - ring of protection from cold
MPRegen  0.11/turn              v - +4 ring of evasion

@: non-regenerating
A: damage resistance, heal wounds, sense surroundings 2, no regeneration
a: Heal Wounds, Minor Destruction, Lesser Servant of Makhleb, Major Destruction,
Renounce Religion


You were on level 10 of the Dungeon.
You worshipped Makhleb.
Makhleb was greatly pleased with you.
You were not hungry.

You visited 2 branches of the dungeon, and saw 13 of its levels.

You collected 560 gold pieces.

Inventory:

Hand Weapons
 a - a +0 war axe (weapon)
Armour
 h - a +2 pair of boots (worn)
   (You found it on level 2 of the Dungeon)
 i - a scarf of harm (worn)
   (You found it on level 5 of the Dungeon)
 s - a +0 kite shield (worn)
 u - a +0 plate armour (worn)
   (You took it off an orc warrior on level 6 of the Dungeon)
Jewellery
 c - a ring of protection from cold (left hand)
   (You found it on level 7 of the Dungeon)
 f - an uncursed ring of protection from fire
   (You found it on level 5 of the Dungeon)
 v - a +4 ring of evasion (right hand)
   (You found it on level 6 of the Dungeon)
Wands
 g - a wand of iceblast (8)
   (You took it off Ijyb on level 4 of the Dungeon)
Scrolls
 l - 3 scrolls of fog
 o - a scroll of enchant weapon
 t - 4 scrolls of teleportation
 w - 2 scrolls of fear
 x - 5 scrolls of remove curse
Potions
 b - a potion of berserk rage {unknown}
 d - 5 potions of might
 j - a potion of heal wounds {unknown}
 k - a potion of magic
 m - a potion of mutation {unknown}
 q - 6 potions of curing
Comestibles
 e - 17 rations
 n - 3 chunks of flesh


   Skills:
 + Level 6.3 Fighting
 * Level 10.1 Axes
 + Level 7.7 Armour
 + Level 7.6 Shields
 + Level 6.8 Invocations


You had 9 spell levels left.
You didn't know any spells.
Your spell library was empty.

Dungeon Overview and Level Annotations

Branches:
Dungeon (12/15)            Temple (1/1) D:4            Lair (0/6) D:10
    Orc (0/2) D:12

Altars:
Ashenzari
Cheibriados
Dithmenos
Makhleb
Qazlal
Trog
Wu Jian
Xom
Yredelemnul

Annotations:
D:5 Prince Ribbit


Innate Abilities, Weirdness & Mutations

You are resistant to damage.
You can heal yourself by infusing magical energy.
You passively map the area around you.
You do not regenerate.


Message History

The komodo dragon is heavily wounded.
You closely miss something. The komodo dragon barely misses you.
Something hits you but does no damage. Something bites you.
Something draws strength from your injuries!
You closely miss the komodo dragon.
The komodo dragon is heavily wounded.
Your shield and plate armour prevent you from hitting something.
You block the komodo dragon's attack. You block something's attack.
Something completely misses you.
Your shield and plate armour prevent you from hitting the komodo dragon.
The komodo dragon is heavily wounded.
You closely miss something. The komodo dragon closely misses you.
Something hits you but does no damage. Something bites you but does no damage.
You hit the komodo dragon but do no damage.
The komodo dragon is moderately wounded.
You barely miss something. The komodo dragon bites you!!
* * * LOW HITPOINT WARNING * * *
Something hits you but does no damage. You block something's attack.
The komodo dragon bites you!!
You die...

.# .# .#.# .##### ...#
.....# #..# ####.# #..#
#.# #..#* ** ** #.#
#..# ,, ###.# #?.##.##.
* #...# ### #@{.....# *
##.#.# ##.#####l###..##
*
.....####............#
* , , ,
P..P...###.#######....#
, PP......##.### .....#
, PPPP.........# ..##.
* ..PPPP.....#.# ,..#
>.lPPPP..#.#.# ,,.# ,
.PPPPPPP#..#.# , .# * *


You could see a komodo dragon.

Vanquished Creatures
  Pikel (D:8)
  Psyche (D:8)
  A yaktaur (D:11)
  A hippogriff (D:7)
  A water moccasin (D:6)
  Duvessa (D:7)
  3 slaves (D:8)
  2 sky beasts
  2 ice beasts
  2 orc warriors
  An eye of draining (D:12)
  2 centaurs
  9 bullfrogs
  2 big kobolds
  Dowan (D:7)
  4 scorpions
  4 killer bees (D:7)
  4 wights (D:8)
  2 howler monkeys
  7 crimson imps
  A bullfrog zombie (D:7)
  6 hounds
  A jelly (D:6)
  Crazy Yiuf (D:5)
  4 orc priests
  5 orc wizards
  An iguana (D:4)
  Ijyb (D:4)
  2 worker ants
  A hound skeleton (D:7)
  A hound zombie (D:5)
  A worker ant zombie (D:6)
  11 gnolls
  10 adders
  A shadow imp (D:6)
  An ooze (D:3)
  A worm (D:2)
  A dart slug (D:3)
  6 leopard geckos
  46 orcs
  6 giant cockroaches
  2 goblins
  2 hobgoblins (D:2)
  5 jackals
  2 quokkas (D:8)
  A bat (D:3)
  A frilled lizard (D:2)
  A jackal skeleton (D:4)
  13 kobolds
  2 leopard gecko skeletons
  2 quokka skeletons
  4 rats
194 creatures vanquished.

Vanquished Creatures (others)
  A slave (D:8)
  A plant (D:10)
2 creatures vanquished.

Grand Total: 196 creatures vanquished

Notes
Turn   | Place    | Note
-------+----------+-------------------------------------------
     0 | D:1      | Flugslaktarn the Deep Dwarf Fighter began the quest for the
                  | Orb.
     0 | D:1      | Reached XP level 1. HP: 20/20 MP: 1/1
    63 | D:2      | Reached XP level 2. HP: 14/27 MP: 2/2
    72 | D:2      | Reached skill level 3 in Axes
    72 | D:2      | Reached XP level 3. HP: 25/33 MP: 3/3
   106 | D:2      | Reached XP level 4. HP: 38/42 MP: 3/3
   329 | D:2      | Reached skill level 4 in Axes
   329 | D:2      | Reached XP level 5. HP: 40/49 MP: 4/4
   639 | D:5      | Entered Level 5 of the Dungeon
   832 | D:4      | Reached XP level 6. HP: 54/56 MP: 5/5
  1040 | D:4      | Noticed Ijyb
  1048 | D:4      | Killed Ijyb
  1048 | D:4      | Reached skill level 5 in Axes
  1074 | D:4      | Found a shimmering altar of Xom.
  1129 | D:4      | Found a staircase to the Ecumenical Temple.
  1267 | Temple   | Entered the Ecumenical Temple
  1309 | Temple   | Became a worshipper of Makhleb the Destroyer
  1768 | D:5      | Noticed Prince Ribbit
  1796 | D:5      | Reached skill level 1 in Invocations
  1796 | D:5      | Reached XP level 7. HP: 42/64 MP: 6/6
  1915 | D:5      | Reached skill level 5 in Armour
  1962 | D:5      | Reached skill level 5 in Shields
  2063 | D:5      | Found a bloodstained altar of Trog.
  2064 | D:5      | Found a shattered altar of Ashenzari.
  2197 | D:5      | Found a runed translucent door.
  2198 | D:5      | Noticed Crazy Yiuf
  2420 | D:5      | Killed Crazy Yiuf
  2420 | D:5      | Reached skill level 6 in Axes
  2523 | D:6      | Reached * piety under Makhleb
  2691 | D:6      | Reached XP level 8. HP: 47/73 MP: 8/8
  2811 | D:6      | Reached skill level 7 in Axes
  3253 | D:7      | Noticed a hippogriff
  3267 | D:7      | Killed a hippogriff
  3267 | D:7      | Reached skill level 5 in Fighting
  3300 | D:7      | Reached skill level 8 in Axes
  3310 | D:7      | Gained mutation: You passively map the area around you.
                  | [Deep Dwarf growth]
  3310 | D:7      | Reached XP level 9. HP: 77/81 MP: 9/9
  3375 | D:7      | Reached ** piety under Makhleb
  3444 | D:7      | Noticed Dowan
  3445 | D:7      | Noticed Duvessa
  3458 | D:7      | Killed Dowan
  3476 | D:7      | Killed Duvessa
  3775 | D:8      | Reached skill level 5 in Invocations
  3780 | D:8      | Noticed Psyche
  3787 | D:8      | Paralysed by Psyche for 2 turns
  3792 | D:8      | Paralysed by Psyche for 6 turns
  3813 | D:8      | Killed Psyche
  3813 | D:8      | Reached skill level 9 in Axes
  3834 | D:8      | Noticed Pikel
  3845 | D:8      | Killed Pikel
  4250 | D:9      | You fall into a shaft and drop 3 floors!
  4277 | D:12     | Reached *** piety under Makhleb
  4278 | D:12     | Reached XP level 10. HP: 41/91 MP: 3/11
  4366 | D:12     | Found a staircase to the Orcish Mines.
  4429 | D:12     | HP: 2/91 [large slime creature (27)]
  4496 | D:10     | Entered Level 10 of the Dungeon
  4503 | D:10     | Reached skill level 10 in Axes
  4595 | D:10     | Found a staircase to the Lair.
  4638 | D:10     | Reached **** piety under Makhleb
  4646 | D:10     | Slain by a komodo dragon

Illustrated notes

Levels and vault maps discovered:
D:1:      dpeg_arrival_shrine, layout_basic, grunt_decor_arrowhead,
          minmay_tree_intersection
D:2:      layout_rooms, uniq_terence
D:3:      layout_rooms, minmay_misc_feat_encased
D:4:      kennysheep_spiral_hall, layout_basic, lemuel_temple_firewalk_b,
          first_ration, led_xom_imps, uniq_ijyb
D:5:      layout_loops_ring, gammafunk_temple_overflow_pools,
          uniq_prince_ribbit1, uniq_crazy_yiuf_cottage
D:6:      layout_gridville
D:7:      layout_rooms, uniq_duvessa
D:8:      layout_rooms, uniq_psyche, uniq_pikel
D:9:      layout_grid_maze, serial_glass, glass_columns_a, glass_columns_a,
          lightli_corner_chamber
D:10:     layout_loops_ring, david_lair_shrubbed
D:11:     layout_roguey
D:12:     layout_basic, hiddenorc2_lemuel
Temple:   regret_index_temple_chain_breaker

Skill      XL: |  1  2  3  4  5  6  7  8  9 10 |
---------------+-------------------------------+-----
Axes           | 3 4 5 6 8 9 10 | 10.1
Fighting       | 3 4 5 6 |  6.3
Armour         | 4 5 6 7 |  7.7
Shields        | 4 5 6 7 |  7.6
Invocations    | 1 2 4 6 |  6.8

Action                   |  1- 3 |  4- 6 |  7- 9 | 10-12 || total
-------------------------+-------+-------+-------+-------++-------
Melee: War axe           |    44 |   189 |   438 |   153 ||   824
       Unarmed           |       |       |     9 |       ||     9
 Abil: Heal Wounds       |     2 |     1 |     9 |     5 ||    17
  Use: Scroll            |       |       |    11 |       ||    11
       Potion            |       |       |     2 |       ||     2
  Eat: Chunk             |       |     2 |     7 |     2 ||    11
       Ration            |       |       |     1 |       ||     1
Armor: Scale mail        |    23 |    82 |    21 |       ||   126
       Chain mail        |       |       |    34 |       ||    34
       Plate armour      |       |       |   214 |    70 ||   284
       Skin              |       |       |    21 |       ||    21
Dodge: Dodged            |    11 |    67 |   194 |    60 ||   332
Block: Kite shield       |    33 |    89 |   308 |    95 ||   525

Table legend:
 A = Non-vault XP
 B = Vault XP
 C = Vault XP percentage of total XP
 D = Non-vault monster count
 E = Vault monster count
 F = Vault count percentage of total count
                 A         B        C        D         E       F
            +---------+---------+-------+---------+---------+-------
      Total |    4949 |    1877 |  27.5 |     148 |      43 |  22.5
            +---------+---------+-------+---------+---------+-------
        D:1 |       1 |       0 |   0.0 |       1 |       0 |   0.0
        D:2 |     210 |       0 |   0.0 |      22 |       0 |   0.0
        D:3 |      44 |       0 |   0.0 |       9 |       0 |   0.0
        D:4 |     124 |     248 |  66.7 |       7 |       7 |  50.0
        D:5 |     382 |      41 |   9.7 |      20 |       1 |   4.8
        D:6 |     899 |       0 |   0.0 |      28 |       0 |   0.0
        D:7 |    1129 |     218 |  16.2 |      18 |       2 |  10.0
        D:8 |     913 |     990 |  52.0 |      27 |       2 |   6.9
       D:10 |     455 |       0 |   0.0 |      11 |       0 |   0.0
       D:11 |     371 |       0 |   0.0 |       1 |       0 |   0.0
       D:12 |     421 |     380 |  47.4 |       4 |      31 |  88.6
            +---------+---------+-------+---------+---------+-------
